| TOP OF THE 1ST |
|
Atlanta Braves batting - Pitching for St. Louis Cardinals : LHP Antonio Lacayo
|
|
Pitching: LHP Antonio Lacayo
|
|
|
Batting: RHB Yasuhide Kasahara
|
0-0: Called Strike 0-1: Ball 1-1: Ball 2-1: Fly out, F8 (Flyball, 89M, EV 87.5 MPH)
|
|
Batting: SHB Floyd-William Goof
|
0-0: Called Strike 0-1: Ball 1-1: Called Strike 1-2: Strikes out swinging
|
|
Batting: RHB Erik Coleman
|
0-0: Ball 1-0: Ball 2-0: Ball 3-0: Called Strike 3-1: Called Strike 3-2: Foul Ball, location: 2F 3-2: Foul Ball, location: 2F 3-2: Base on Balls
|
|
Batting: RHB Ike Trout
|
0-0: SINGLE (Groundball, 56D, EV 95.6 MPH) Erik Coleman to second Runner from 2nd tries for 3rd, SAFE, throw by LF made to third
|
|
Batting: RHB Kevin Howard
|
Pickoff Throw to First - Error! E1 Erik Coleman scores Ike Trout to second 0-0: Ball 1-0: Foul Ball, location: 2F 1-1: Ball 2-1: Ball 3-1: Base on Balls
|
|
Batting: RHB Shigem Kubo
|
0-0: Foul Ball, location: 2F 0-1: Called Strike 0-2: Strikes out looking
|
| Top of the 1st over - 1 run, 1 hit, 1 error, 2 left on base; Atlanta 1 - St. Louis 0 |
| BOTTOM OF THE 1ST |
|
St. Louis Cardinals batting - Pitching for Atlanta Braves : LHP Matthew Spurrell
|
|
Pitching: LHP Matthew Spurrell
|
|
|
Batting: RHB Mike Bates
|
0-0: Called Strike 0-1: Ball 1-1: Ball 2-1: Foul Ball, location: 2F 2-2: Ball 3-2: Base on Balls
|
|
Batting: RHB Melvin Enriquez
|
0-0: Called Strike 0-1: Grounds into double play, 6-4-3 (Groundball, 6, EV 90.0 MPH)
|
|
Batting: SHB Antoine Roux
|
0-0: Called Strike 0-1: Ball 1-1: Ball 2-1: Ball 3-1: Base on Balls
|
|
Batting: SHB Gerardo Macias
|
0-0: Called Strike 0-1: Foul Ball, location: 2F 0-2: Fly out, F8 (Flyball, 8RD, EV 73.1 MPH)
|
| Bottom of the 1st over - 0 runs, 0 hits, 0 errors, 1 left on base; Atlanta 1 - St. Louis 0 |
| TOP OF THE 2ND |
|
Atlanta Braves batting - Pitching for St. Louis Cardinals : LHP Antonio Lacayo
|
|
Batting: RHB Manny Vergara
|
0-0: Called Strike 0-1: Ball 1-1: Ball 2-1: Ground out 6-3 (Groundball, 56D, EV 85.6 MPH)
|
|
Batting: RHB J.J. Powers
|
0-0: Foul Ball, location: 2F 0-1: Called Strike 0-2: Ground out 4-3 (Groundball, 4, EV 83.1 MPH)
|
|
Batting: RHB Liangde Li
|
0-0: Ball 1-0: Ball 2-0: Ground out 4-3 (Groundball, 4M, EV 96.9 MPH)
|
| Top of the 2nd over - 0 runs, 0 hits, 0 errors, 0 left on base; Atlanta 1 - St. Louis 0 |
| BOTTOM OF THE 2ND |
|
St. Louis Cardinals batting - Pitching for Atlanta Braves : LHP Matthew Spurrell
|
|
Batting: LHB Ichiro Toyota
|
0-0: Ball 1-0: Ball 2-0: Called Strike 2-1: Ball 3-1: Base on Balls
|
|
Batting: SHB Chris Blue
|
0-0: Ball 1-0: Ball 2-0: 2-RUN HOME RUN (Flyball, 89XD, EV 106.2 MPH), Distance : 404 ft
|
|
Batting: RHB Tyler Walker
|
0-0: Called Strike 0-1: Ball 1-1: Ball 2-1: Swinging Strike 2-2: Strikes out swinging
|
|
Batting: SHB Harry Hoop
|
0-0: Ball 1-0: Foul Ball, location: 2F 1-1: Fly out, F8 (Line Drive, 8LD, EV 91.2 MPH)
|
|
Batting: LHB Armando Carbajal
|
0-0: Ball 1-0: Fly out, F9 (Flyball, 89M, EV 83.8 MPH)
|
| Bottom of the 2nd over - 2 runs, 1 hit, 0 errors, 0 left on base; Atlanta 1 - St. Louis 2 |
| TOP OF THE 3RD |
|
Atlanta Braves batting - Pitching for St. Louis Cardinals : LHP Antonio Lacayo
|
|
Batting: RHB Yasuhide Kasahara
|
0-0: Fly out, F8 (Flyball, 89D, EV 101.2 MPH)
|
|
Batting: SHB Floyd-William Goof
|
0-0: Ball 1-0: Swinging Strike 1-1: Ball 2-1: Foul Ball, location: 2F 2-2: Strikes out looking
|
|
Batting: RHB Erik Coleman
|
0-0: Ball 1-0: Called Strike 1-1: Fly out, F7 (Flyball, 7, EV 84.4 MPH)
|
| Top of the 3rd over - 0 runs, 0 hits, 0 errors, 0 left on base; Atlanta 1 - St. Louis 2 |
| BOTTOM OF THE 3RD |
|
St. Louis Cardinals batting - Pitching for Atlanta Braves : LHP Matthew Spurrell
|
|
Batting: RHB Mike Bates
|
0-0: Ball 1-0: Called Strike 1-1: Foul Ball, location: 2F 1-2: Foul Ball, location: 2F 1-2: Strikes out swinging
|
|
Batting: RHB Melvin Enriquez
|
0-0: Ball 1-0: Ball 2-0: Ball 3-0: Foul Ball, location: 2F 3-1: Base on Balls
|
|
Batting: SHB Antoine Roux
|
0-0: Ball 1-0: 2-RUN HOME RUN (Flyball, 78XD, EV 101.2 MPH), Distance : 409 ft
|
|
Batting: SHB Gerardo Macias
|
0-0: Foul Ball, location: 2F 0-1: Called Strike 0-2: Ball 1-2: Ball 2-2: Ball 3-2: Strikes out swinging
|
|
Batting: LHB Ichiro Toyota
|
0-0: Ball 1-0: Called Strike 1-1: Called Strike 1-2: Ball 2-2: Ground out U3 (Groundball, 34S, EV 80.0 MPH)
|
| Bottom of the 3rd over - 2 runs, 1 hit, 0 errors, 0 left on base; Atlanta 1 - St. Louis 4 |
| TOP OF THE 4TH |
|
Atlanta Braves batting - Pitching for St. Louis Cardinals : LHP Antonio Lacayo
|
|
Batting: RHB Ike Trout
|
0-0: Ball 1-0: Ground out 5-3 (Groundball, 5, EV 84.4 MPH)
|
|
Batting: RHB Kevin Howard
|
0-0: Ball 1-0: Ball 2-0: Called Strike 2-1: Foul Ball, location: 2F 2-2: Ball 3-2: Strikes out looking
|
|
Batting: RHB Shigem Kubo
|
0-0: Called Strike 0-1: Reached on error, E5 (Groundball, 56S, EV 83.8 MPH)
|
|
Batting: RHB Manny Vergara
|
0-0: Swinging Strike 0-1: Swinging Strike 0-2: SINGLE (Flyball, 56D, EV 86.9 MPH) Shigem Kubo to second
|
|
Batting: RHB J.J. Powers
|
0-0: Called Strike 0-1: Foul Ball, location: 2F 0-2: Foul Ball, location: 2F 0-2: Foul Ball, location: 2F 0-2: Ground out 5-3 (Groundball, 56S, EV 65.0 MPH)
|
| Top of the 4th over - 0 runs, 1 hit, 1 error, 2 left on base; Atlanta 1 - St. Louis 4 |
| BOTTOM OF THE 4TH |
|
St. Louis Cardinals batting - Pitching for Atlanta Braves : LHP Matthew Spurrell
|
|
Batting: SHB Chris Blue
|
0-0: Ball 1-0: Ball 2-0: Foul Ball, location: 2F 2-1: Ground out 6-3 (Groundball, 6, EV 83.8 MPH)
|
|
Batting: RHB Tyler Walker
|
0-0: DOUBLE (Flyball, 89D, EV 98.1 MPH)
|
|
Batting: SHB Harry Hoop
|
0-0: Ball 1-0: Ground out 6-3 (Groundball, 6, EV 78.1 MPH)
|
|
Batting: LHB Armando Carbajal
|
0-0: Ball 1-0: Called Strike 1-1: 2-RUN HOME RUN (Flyball, 9LD, EV 98.1 MPH), Distance : 363 ft
|
|
Pitching: RHP Tim Kull
|
|
|
Batting: RHB Mike Bates
|
0-0: Called Strike 0-1: Foul Ball, location: 2F 0-2: Strikes out looking
|
| Bottom of the 4th over - 2 runs, 2 hits, 0 errors, 0 left on base; Atlanta 1 - St. Louis 6 |
| TOP OF THE 5TH |
|
Atlanta Braves batting - Pitching for St. Louis Cardinals : LHP Antonio Lacayo
|
|
Batting: RHB Liangde Li
|
0-0: Ground out 6-3 (Groundball, 6, EV 109.4 MPH)
|
|
Batting: RHB Yasuhide Kasahara
|
0-0: Ball 1-0: Swinging Strike 1-1: Ball 2-1: Ground out 4-3 (Groundball, 4, EV 87.5 MPH)
|
|
Batting: SHB Floyd-William Goof
|
0-0: Ball 1-0: Foul Ball, location: 2F 1-1: Called Strike 1-2: Ground out 1-3 (Groundball, 34S, EV 71.2 MPH)
|
| Top of the 5th over - 0 runs, 0 hits, 0 errors, 0 left on base; Atlanta 1 - St. Louis 6 |
| BOTTOM OF THE 5TH |
|
St. Louis Cardinals batting - Pitching for Atlanta Braves : RHP Tim Kull
|
|
Batting: RHB Melvin Enriquez
|
0-0: Ball 1-0: Swinging Strike 1-1: Ball 2-1: Called Strike 2-2: Strikes out looking
|
|
Batting: SHB Antoine Roux
|
0-0: Swinging Strike 0-1: Ball 1-1: Swinging Strike 1-2: Ball 2-2: Foul Ball, location: 2F 2-2: Strikes out swinging
|
|
Batting: SHB Gerardo Macias
|
0-0: Swinging Strike 0-1: Fly out, F2 (Popup, 2R, EV 96.2 MPH)
|
| Bottom of the 5th over - 0 runs, 0 hits, 0 errors, 0 left on base; Atlanta 1 - St. Louis 6 |
| TOP OF THE 6TH |
|
Atlanta Braves batting - Pitching for St. Louis Cardinals : LHP Antonio Lacayo
|
|
Batting: RHB Erik Coleman
|
0-0: Ball 1-0: Ball 2-0: Ball 3-0: Called Strike 3-1: Called Strike 3-2: Foul Ball, location: 2F 3-2: Base on Balls
|
|
Batting: RHB Ike Trout
|
0-0: Ball 1-0: Called Strike Erik Coleman is caught stealing 2nd base 2-4 1-1: Fly out, F7 (Line Drive, 78D, EV 96.9 MPH)
|
|
Batting: RHB Kevin Howard
|
0-0: Foul Ball, location: 2F 0-1: Foul Ball, location: 2F 0-2: Ball 1-2: Ball 2-2: Foul Ball, location: 2F 2-2: Ball 3-2: Foul Ball, location: 2F 3-2: Ground out U3 (Groundball, 34S, EV 86.2 MPH)
|
| Top of the 6th over - 0 runs, 0 hits, 0 errors, 0 left on base; Atlanta 1 - St. Louis 6 |
| BOTTOM OF THE 6TH |
|
St. Louis Cardinals batting - Pitching for Atlanta Braves : RHP Tim Kull
|
|
Batting: LHB Ichiro Toyota
|
0-0: Called Strike 0-1: Swinging Strike 0-2: Ball 1-2: Ball 2-2: Fly out, F9 (Flyball, 9, EV 83.8 MPH)
|
|
Batting: SHB Chris Blue
|
0-0: Swinging Strike 0-1: Ground out 4-3 (Groundball, 4, EV 81.2 MPH)
|
|
Batting: RHB Tyler Walker
|
0-0: Ground out 4-3 (Groundball, 4S, EV 64.4 MPH)
|
| Bottom of the 6th over - 0 runs, 0 hits, 0 errors, 0 left on base; Atlanta 1 - St. Louis 6 |
| TOP OF THE 7TH |
|
Atlanta Braves batting - Pitching for St. Louis Cardinals : LHP Antonio Lacayo
|
|
Batting: RHB Shigem Kubo
|
0-0: DOUBLE (Line Drive, 78D, EV 100.6 MPH)
|
|
Batting: RHB Manny Vergara
|
0-0: Fly out, F8 (Flyball, 8LD, EV 105.0 MPH)
|
|
Batting: RHB J.J. Powers
|
0-0: Swinging Strike 0-1: Ball 1-1: Foul Ball, location: 2F 1-2: Strikes out swinging
|
|
Batting: RHB Liangde Li
|
0-0: Ground out U3 (Groundball, 3, EV 81.2 MPH)
|
| Top of the 7th over - 0 runs, 1 hit, 0 errors, 1 left on base; Atlanta 1 - St. Louis 6 |
| BOTTOM OF THE 7TH |
|
St. Louis Cardinals batting - Pitching for Atlanta Braves : RHP Tim Kull
|
|
Batting: SHB Harry Hoop
|
0-0: SINGLE (Line Drive, 5D, EV 97.5 MPH)
|
|
Batting: LHB Armando Carbajal
|
0-0: Swinging Strike 0-1: Ball Harry Hoop is caught stealing 2nd base 2-6 1-1: Called Strike 1-2: Strikes out looking
|
|
Batting: RHB Mike Bates
|
0-0: Ball 1-0: Called Strike 1-1: Fly out, F4 (Line Drive, 4D, EV 70.0 MPH)
|
| Bottom of the 7th over - 0 runs, 1 hit, 0 errors, 0 left on base; Atlanta 1 - St. Louis 6 |
| TOP OF THE 8TH |
|
Atlanta Braves batting - Pitching for St. Louis Cardinals : LHP Antonio Lacayo
|
|
Batting: RHB Yasuhide Kasahara
|
0-0: Swinging Strike 0-1: Ball 1-1: Swinging Strike 1-2: Strikes out swinging, 2-3 out at first.
|
|
Pitching: RHP Doug Seliger
|
|
|
Batting: SHB Floyd-William Goof
|
0-0: Called Strike 0-1: Ball 1-1: Foul Ball, location: 2F 1-2: Ball 2-2: Ball 3-2: Fly out, F7 (Flyball, 78S, EV 96.9 MPH)
|
|
Batting: RHB Erik Coleman
|
0-0: Ball 1-0: SINGLE (Flyball, 8RS, EV 89.4 MPH)
|
|
Batting: RHB Ike Trout
|
0-0: Swinging Strike 0-1: Foul Ball, location: 2F 0-2: Foul Ball, location: 2F 0-2: Ball 1-2: Ball 2-2: Foul Ball, location: 2F 2-2: Hit by Pitch Erik Coleman to second
|
|
Batting: RHB Kevin Howard
|
0-0: Foul Ball, location: 2F 0-1: Ball 1-1: Ball 2-1: Called Strike 2-2: Ball 3-2: Foul Ball, location: 2F 3-2: Fly out, F8 (Flyball, 8RD, EV 106.2 MPH)
|
| Top of the 8th over - 0 runs, 1 hit, 0 errors, 2 left on base; Atlanta 1 - St. Louis 6 |
| BOTTOM OF THE 8TH |
|
St. Louis Cardinals batting - Pitching for Atlanta Braves : RHP Tim Kull
|
|
Batting: RHB Melvin Enriquez
|
0-0: Foul Ball, location: 2F 0-1: SOLO HOME RUN (Flyball, 7LD, EV 93.8 MPH), Distance : 342 ft
|
|
Batting: SHB Antoine Roux
|
0-0: Called Strike 0-1: SINGLE (Groundball, 56, EV 100.0 MPH) (infield hit)
|
|
Batting: SHB Gerardo Macias
|
0-0: Foul Ball, location: 2F 0-1: Grounds into double play, 4-6-3 (Groundball, 34D, EV 106.2 MPH)
|
|
Batting: LHB Ichiro Toyota
|
0-0: Called Strike 0-1: Ball 1-1: Ball 2-1: Called Strike 2-2: Foul Ball, location: 2F 2-2: Foul Ball, location: 2F 2-2: Ball 3-2: Strikes out swinging
|
| Bottom of the 8th over - 1 run, 2 hits, 0 errors, 0 left on base; Atlanta 1 - St. Louis 7 |
| TOP OF THE 9TH |
|
Atlanta Braves batting - Pitching for St. Louis Cardinals : RHP Doug Seliger
|
|
Batting: RHB Shigem Kubo
|
0-0: Foul Ball, location: 2F 0-1: Ball 1-1: Foul Ball, location: 2F 1-2: Ball 2-2: SOLO HOME RUN (Flyball, 7D, EV 101.2 MPH), Distance : 379 ft
|
|
Batting: RHB Manny Vergara
|
0-0: Foul Ball, location: 2F 0-1: Foul Ball, location: 2F 0-2: Ball 1-2: Foul Ball, location: 2F 1-2: Ground out 5-3 (Groundball, 56S, EV 83.1 MPH)
|
|
Batting: RHB J.J. Powers
|
0-0: Foul Ball, location: 2F 0-1: Ball 1-1: Ball 2-1: Foul Ball, location: 2F 2-2: Foul Ball, location: 2F 2-2: Ball 3-2: Base on Balls
|
|
Pitching: RHP Dave Crouch
|
|
|
Batting: RHB Liangde Li
|
0-0: Foul Ball, location: 2F 0-1: Swinging Strike 0-2: Strikes out looking
|
|
Batting: RHB Yasuhide Kasahara
|
0-0: Ball 1-0: Ball 2-0: Called Strike 2-1: Foul Ball, location: 2F 2-2: Ground out 4-3 (Groundball, 34, EV 85.6 MPH)
|
| Top of the 9th over - 1 run, 1 hit, 0 errors, 1 left on base; Atlanta 2 - St. Louis 7 |
|